 Dungeon Crawl Stone Soup version 0.31.0-9-g3a7656b989 (webtiles) character file.

Game seed: 13644820351331226864

115 qw the Skirmisher (level 4, -1/25 HPs)
             Began as a Deep Elf Hunter on Feb 2, 2024.
             Slain by a goblin
             ... wielding a +0 club
             ... led by Robin
              (3 damage)
             ... on level 3 of the Dungeon.
             The game lasted 00:00:05 (1600 turns).

qw the Skirmisher (Deep Elf Hunter)                 Turns: 1600, Time: 00:00:06

Health: -1/25      AC:  2    Str: 10    XL:     4   Next: 68%
Magic:  6/6        EV: 13    Int: 14    God:
Gold:   65         SH:  0    Dex: 18    Spells: 3/3 levels left

rFire   . . .        a - +1 shortbow
rCold   . . .        (shield currently unavailable)
rNeg    . . .        b - +0 robe {Will+}
rPois   .            (no helmet)
rElec   .            (no cloak)
rCorr   .            (no gloves)
SInv    .            (no boots)
Will    +....        (no amulet)
Stlth   ++           (no ring)
HPRegen 0.24/turn    (no ring)
MPRegen 0.10/turn

%: no passive effects
@: no status effects
A: no striking features
a: no special abilities


You were on level 3 of the Dungeon.
You visited 1 branch of the dungeon, and saw 3 of its levels.

You collected 65 gold pieces.


   Skills:
 - Level 1.5 Fighting
 - Level 8.1 Ranged Weapons
 + Level 2.4 Dodging
 - Level 1.2 Stealth


You had 3 spell levels left.
You didn't know any spells.
Your spell library was empty.

Inventory:

Hand Weapons
 a - a +1 shortbow (weapon)
Armour
 b - a +0 robe of willpower (worn)
 c - a +0 leather armour

Dungeon Overview and Level Annotations

Branches:
Dungeon (3/15)

Altars:


Message History

Robin is moderately wounded.
A goblin comes into view. It is wielding a +0 club.
The goblin hits you with a +0 club. Robin barely misses you.
You shoot an arrow. The arrow hits Robin.
Robin is severely wounded.
Robin throws the goblin at you! The goblin barely misses you.
A goblin comes into view. It is wielding a +0 club.
You shoot an arrow. The goblin shouts!
The arrow hits Robin.
Robin is severely wounded.
The goblin closely misses you. Robin barely misses you.
The goblin closely misses you.
You shoot an arrow. The arrow hits Robin.
Robin is almost dead.
Robin throws the goblin at you! The goblin barely misses you.
The goblin hits you with a +0 dagger. The goblin barely misses you.
You shoot an arrow.
The arrow hits Robin but does no damage.
Robin is almost dead.
Robin hits you with a +0 club. The goblin hits you with a +0 club. x2
The goblin hits you with a +0 dagger.
You shoot an arrow. The arrow barely misses Robin.
Robin throws the goblin at you! The goblin closely misses you.
The goblin barely misses you. The goblin misses you.
You shoot an arrow. The arrow hits Robin.
You kill Robin!
The goblin closely misses you. The goblin hits you with a +0 club.
The goblin barely misses you. The goblin hits you with a +0 club.
Your Ranged Weapons skill increases to level 8!
You shoot an arrow. The arrow closely misses the goblin.
The goblin misses you. The goblin hits you with a +0 club.
The goblin closely misses you. x3
You shoot an arrow. The arrow hits the goblin.
You kill the goblin!
The goblin hits you with a +0 dagger. The goblin hits you but does no damage.
The goblin misses you. The goblin closely misses you.
You shoot an arrow. The arrow misses the goblin.
The goblin barely misses you. The goblin hits you with a +0 club.
You die...

#. ## #. .. #. >#
#. # .# #. #. %# #
##.###
#.#######.#%#
....%#
#......ggg..#
#.<.#####.....g@#
##.............g##
........##.#....#
.........#.#.##.#
...).....#.#.##.#
.#####.#.#.#.##.#
. #.#.#.#.##.# .
#.......##.#
#.#.#...##.#


You could see 5 goblins.

Vanquished Creatures
  Jessica (D:2)
  Robin (D:3)
  2 adders (D:2)
  2 ribbon worms (D:2)
  A dart slug (D:1)
  4 endoplasms
  2 giant cockroaches
  7 goblins
  7 hobgoblins
  2 kobolds
  5 quokkas
  6 ball pythons
  4 bats
  7 frilled lizards
  3 rats
54 creatures vanquished.

Notes
Turn   | Place    | Note
-------+----------+-------------------------------------------
     0 | D:1      | qw the Deep Elf Hunter began the quest for the Orb.
     0 | D:1      | Reached XP level 1. HP: 12/12 MP: 3/3
     0 | D:1      | 0 ||| qw: Version: 0.3-a-155-g5e7d8dd
     0 | D:1      | 0 ||| qw: Game counter: 551
     0 | D:1      | 0 ||| qw: Melee chars always use a shield: true
     0 | D:1      | 0 ||| qw: God list: Okawaru
     0 | D:1      | 0 ||| qw: Allow faded altars: false
     0 | D:1      | 0 ||| qw: Do Orc after clearing Dungeon:15 true
     0 | D:1      | 0 ||| qw: Do second Lair branch before Depths: true
     0 | D:1      | 0 ||| qw: Lair rune preference: random
     0 | D:1      | 0 ||| qw: Goals: Normal
     0 | D:1      | 0 ||| PLANNING D:1-11
   158 | D:1      | Reached XP level 2. HP: 16/16 MP: 4/4
   159 | D:1      | Reached skill level 6 in Ranged Weapons
   591 | D:1      | Reached XP level 3. HP: 20/20 MP: 5/5
   708 | D:1      | 708 ||| DROPPING +6 ring of intelligence.
   709 | D:1      | 709 ||| READING scroll labelled JOTUFA BEATHRAXT.
   710 | D:1      | 710 ||| READING scroll labelled TOIVOLI ILIU.
   713 | D:1      | 713 ||| READING 2 scrolls labelled CEFOOB XUIQ.
   713 | D:1      | 713 ||| IDENTIFYING metallic blue potion
   714 | D:1      | 714 ||| DROPPING scroll of butterflies.
   715 | D:1      | 715 ||| DROPPING potion of lignification.
   810 | D:2      | Reached skill level 7 in Ranged Weapons
   822 | D:2      | Noticed Jessica
   826 | D:2      | Killed Jessica
   827 | D:2      | Reached XP level 4. HP: 25/25 MP: 6/6
  1447 | D:2      | 1447 ||| UPGRADING to +0 robe of willpower.
  1457 | D:2      | 1457 ||| READING scroll of identify.
  1457 | D:2      | 1457 ||| IDENTIFYING inky potion
  1458 | D:2      | 1458 ||| READING scroll labelled FIURUS NEOPOA.
  1458 | D:2      | 1458 ||| ENCHANTING +0 shortbow.
  1459 | D:2      | 1459 ||| READING 2 scrolls labelled VAECWU ULITOAXU.
  1460 | D:2      | 1460 ||| READING scroll labelled SAUDAR DUEKKIE.
  1461 | D:2      | 1461 ||| DROPPING scroll of immolation.
  1462 | D:2      | 1462 ||| DROPPING potion of brilliance.
  1464 | D:2      | 1464 ||| Stepping ~*~*~tactically~*~*~ (cloud).
  1588 | D:3      | Noticed Robin
  1597 | D:3      | Killed Robin
  1597 | D:3      | HP: 6/25 [goblin/+0 club[Robin] (2)]
  1598 | D:3      | Reached skill level 8 in Ranged Weapons
  1598 | D:3      | HP: 2/25 [goblin/+0 club[Robin] (2)]
  1600 | D:3      | Slain by a goblin

Levels and vault maps discovered:
D:1:      tarquinn_simple_flora_water_e, layout_basic,
          chequers_serial_rivers_large_b
D:2:      layout_basic, chequers_serial_rivers_micro_b,
          kennysheep_generic_room_12, uniq_jessica
D:3:      layout_loops_ring, serial_shops, shop,
          hellmonk_ecumenical_altar_inner_sanctum, uniq_robin

Skill      XL: |  1  2  3  4 |
---------------+-------------+-----
Ranged Weapons | 6 7 8 |  8.1
Fighting       | |  1.5
Dodging        | |  2.4
Stealth        | |  1.2

Action                     |  1- 3 |  4- 6 || total
---------------------------+-------+-------++-------
   Fire: Shortbow          |    79 |    72 ||   151
    Use: Scroll            |     3 |     4 ||     7
 Armour: Leather armour    |     1 |    12 ||    13
         Robe              |       |    14 ||    14
  Dodge: Dodged            |     5 |    35 ||    40

Table legend:
 A = Non-vault XP
 B = Vault XP
 C = Vault XP percentage of total XP
 D = Non-vault monster count
 E = Vault monster count
 F = Vault count percentage of total count
                 A         B        C        D         E       F
            +---------+---------+-------+---------+---------+-------
      Total |     101 |      64 |  38.8 |      45 |       9 |  16.7
            +---------+---------+-------+---------+---------+-------
        D:1 |      46 |       0 |   0.0 |      26 |       0 |   0.0
        D:2 |      50 |      39 |  43.8 |      15 |       3 |  16.7
        D:3 |       5 |      25 |  83.3 |       4 |       6 |  60.0
            +---------+---------+-------+---------+---------+-------
